 Dungeon Crawl Stone Soup version 0.31.0-11-ge490571c62 (webtiles) character file.

Game seed: 6108158226663975938

38 hawla the Digger (level 3, -7/21 HPs)
             Began as a Deep Elf Earth Elementalist on Feb 8, 2024.
             Succumbed to a kobold's poison
             ... on level 2 of the Dungeon.
             The game lasted 00:03:47 (1308 turns).

hawla the Digger (Deep Elf Earth Elementalist)      Turns: 1308, Time: 00:03:47

Health: -7/21      AC:  6    Str:  9    XL:     3   Next: 25%
Magic:  8/9        EV: 12    Int: 20    God:
Gold:   52         SH:  0    Dex: 14    Spells: 7/8 levels left

rFire   . . .        m - +1 dagger (venom)
rCold   . . .        (no shield)
rNeg    . . .        a - +0 robe
rPois   .            (no helmet)
rElec   .            (no cloak)
rCorr   .            (no gloves)
SInv    .            (no boots)
Will    .....        (no amulet)
Stlth   ++           h - +4 ring of protection
HPRegen 0.23/turn    (no ring)
MPRegen 0.11/turn

%: no passive effects
@: lethally poisoned (-7 -> -44)
A: hooves 1, strong 1
a: no special abilities


You were on level 2 of the Dungeon.
You visited 1 branch of the dungeon, and saw 2 of its levels.

You collected 52 gold pieces.

Inventory:

Hand Weapons
 m - a +1 dagger of venom (weapon)
Armour
 a - a +0 robe (worn)
Jewellery
 h - a +4 ring of protection (left hand)
Scrolls
 e - a scroll of teleportation {unknown}
 g - a scroll of enchant armour {unknown}
 j - a scroll of amnesia {unknown}
 k - 2 scrolls of identify {unknown}
Potions
 b - a potion of magic
 c - a potion of mutation
 d - a potion of enlightenment {unknown}
 f - 2 potions of cancellation {unknown}
 i - a potion of curing {unknown}
 l - a potion of lignification {unknown}


   Skills:
 - Level 2.0 Fighting
 - Level 2.4 Dodging
 + Level 2.6 Stealth
 - Level 1.0 Unarmed Combat
 - Level 3.0 Spellcasting
 - Level 1.1 Conjurations
 - Level 3.2 Earth Magic


You had 7 spell levels left.
You knew the following spells:

 Your Spells              Type           Power      Damage    Failure   Level
a - Sandblast             Erth           32%        2d9       3%          1

Your spell library contained the following spells:

 Spells                   Type           Power      Damage    Failure   Level
 Passwall                 Erth           16%        N/A       11%         3
 Stone Arrow              Conj/Erth      22%        3d8       17%         3
 Brom's Barrelling Bould  Conj/Erth      11%        2d3       50%         4
 Petrify                  Alch/Erth      9%         N/A       58%         4


Dungeon Overview and Level Annotations

Branches:
Dungeon (2/15)

Altars:


Innate Abilities, Weirdness & Mutations

You have large cloven feet.
Your muscles are strong. (Str +4, Int/Dex -1)


Message History

The hobgoblin is severely wounded.
You kill the hobgoblin!
No target in view!
An endoplasm comes into view.
An endoplasm is nearby!
An endoplasm is nearby!
An endoplasm is nearby!
A kobold comes into view.
It is wielding a +2 short sword of venom.
The kobold shouts!
The kobold closely misses you.
You barely miss the kobold. The kobold hits you but does no damage.
You are poisoned.
You closely miss the kobold.
You feel very sick.
The kobold hits you with a +2 short sword of venom.
You are lethally poisoned!
You hit the kobold.
The kobold is heavily wounded.
You feel very sick.
The kobold hits you with a +2 short sword of venom.
You are more poisoned.
You are too injured to fight recklessly!
You are too injured to fight recklessly!
Unknown command.
Casting: Sandblast (safe; 3% risk of failure)
Confirm with . or Enter, or press ? or * to list all spells.
Aiming: Sandblast (safe; 3% risk of failure)
Press: ? - help, Shift-Dir - straight line, f - kobold
Aim: a kobold, wielding a +2 short sword of venom and quivering stones (heavily wounded, 77% to hit)
The blast of sand misses the kobold.
* * * LOW HITPOINT WARNING * * *
You feel extremely sick.
The kobold hits you with a +2 short sword of venom.
* * * LOW HITPOINT WARNING * * *
You are more poisoned.
The kobold hits you but does no damage.
You are more poisoned.
It was a potion of mutation.
You feel extremely strange.
You feel stronger.
Your feet thicken and deform.
You die...

##..######....#....#
##...## ####.#.####
#.....# #.#.#
##...## ######...#
..####..# #.......##
........# #.#####.#
.#####.## ####.#
##'## #.##....#
##...## #....@..#
##.....###..#K#..#
##.......##.......#
##.........#..#....#
.†.........'.......#
##.........#..#....#
###.......##.......#
..##.....## ## ###
..###.).##


You could see a kobold.

Vanquished Creatures
  A ribbon worm (D:2)
  3 ball pythons
  An endoplasm (D:2)
  5 giant cockroaches
  A goblin (D:2)
  2 hobgoblins (D:2)
  4 jackals
  3 kobolds
  A quokka (D:1)
  3 bats
  4 frilled lizards (D:1)
  4 rats
32 creatures vanquished.

Notes
Turn   | Place    | Note
-------+----------+-------------------------------------------
     0 | D:1      | hawla the Deep Elf Earth Elementalist began the quest for
                  | the Orb.
     0 | D:1      | Reached XP level 1. HP: 10/10 MP: 6/6
   101 | D:1      | Reached skill level 1 in Unarmed Combat
   189 | D:1      | Reached XP level 2. HP: 16/16 MP: 6/8
   348 | D:1      | Reached skill level 1 in Fighting
  1148 | D:2      | Reached XP level 3. HP: 21/21 MP: 6/9
  1307 | D:2      | HP: 1/21 [kobold/+2 short sword of venom (2)]
  1308 | D:2      | Gained mutation: Your muscles are strong. (Str +4, Int/Dex
                  | -1) [potion of mutation]
  1308 | D:2      | Gained mutation: You have large cloven feet. [potion of
                  | mutation]
  1308 | D:2      | Succumbed to a kobold's poison

Illustrated notes

Levels and vault maps discovered:
D:1:      sevenhm_arrival_forest_fort_small_6, layout_basic, minmay_ruptured
D:2:      layout_loops_corners, basic_altar

Skill      XL: |  1  2  3 |
---------------+----------+-----
Unarmed Combat | 1 |  1.0
Fighting       | 1 2 |  2.0
Dodging        | |  2.4
Stealth        | |  2.6
Spellcasting   | |  3.0
Conjurations   | |  1.1
Earth Magic    | |  3.2

Action                     || total
---------------------------++-------
  Melee: Dagger            ||    20
         Punch             ||     2
   Cast: Sandblast         ||    37
    Use: Potion            ||     1
 Armour: Robe              ||    20
  Dodge: Dodged            ||    16
